 Dungeon Crawl Stone Soup version 0.19-a0-1223-gf83d13a (webtiles) character file.

7333 st0uf the Markscentaur (level 10, -12/80 HPs)
             Began as a Centaur Hunter on Aug 24, 2016.
             Was an Elder of Okawaru.
             Mangled by a sun demon (15 damage)
             ... summoned by a deep elf mage
             ... on level 10 of the Dungeon.
             The game lasted 01:17:38 (10404 turns).

st0uf the Markscentaur (Centaur Hunter)            Turns: 10404, Time: 01:17:38

Health: -12/80     AC:  9    Str: 18    XL:     10   Next: 90%
Magic:  10/10      EV: 11    Int: 17    God:    Okawaru [****..]
Gold:   348        SH:  0    Dex: 10    Spells: 0 memorised, 9 levels left

rFire  . . .     SeeInvis +     Q - +11 hand axe "Fabeg" {elec, rPois Int+7}
rCold  . . .     Gourm    .     c - +0 leather armour
rNeg   . . .     Faith    .     (no shield)
rPois  +         Spirit   .     M - +1 helmet
rElec  .         Dismiss  .     h - +0 cloak
rCorr  .         Reflect  .     T - +0 pair of gloves
MR     .....     Harm     .     (no barding)
Stlth  +.........               v - amulet of regeneration
                                (no ring)
                                W - ring of see invisible

@: very quick
A: hooves 3, deformed body, speed 2, tough skin 3
a: Heroism, Renounce Religion


You were on level 10 of the Dungeon.
You worshipped Okawaru.
Okawaru was greatly pleased with you.
You were not hungry.

You visited 2 branches of the dungeon, and saw 11 of its levels.
You also visited: Ossuary and Bailey.

You collected 528 gold pieces.
You spent 180 gold pieces at shops.

Inventory:

Hand Weapons
 a - a +2 shortbow
 k - a +0 mace of holy wrath
 Q - the +11 hand axe "Fabeg" (weapon) {elec, rPois Int+7}
   (You found it on level 6 of the Dungeon)

   Occasionally, upon striking a foe, it will discharge some electrical energy
   and cause terrible harm.
   It affects your intelligence (+7).
   It protects you from poison.
 S - the +7 broad axe of Gluttony {venom, rC+ rN+ Dex-2}
   (You found it on level 5 of the Dungeon)

   It poisons the flesh of those it strikes.
   It affects your dexterity (-2).
   It protects you from cold.
   It protects you from negative energy.
Missiles
 d - 144 arrows
 g - 35 tomahawks of returning (quivered)
Armour
 c - a +0 leather armour (worn)
 h - a +0 cloak (worn)
 M - a +1 helmet (worn)
 T - a +0 pair of gloves (worn)
Jewellery
 e - an uncursed amulet of faith
 v - an amulet of regeneration (around neck)
 W - a ring of see invisible (left hand)
Wands
 b - a wand of iceblast (9/15)
 r - a wand of acid (7/15)
 K - a wand of iceblast (11/15)
 L - a wand of enslavement (13/24)
 N - a wand of digging (19/24)
 P - a wand of disintegration (15/24)
Scrolls
 m - a scroll of enchant armour
 o - 5 scrolls of amnesia
 s - 5 scrolls of teleportation
 x - 2 scrolls of blinking
 y - a scroll of immolation
 z - a scroll of fear {unknown}
 F - 3 scrolls of enchant weapon
 U - a scroll of magic mapping
 V - a scroll of remove curse
 X - a scroll of identify
Potions
 i - 8 potions of curing {unknown}
 n - a potion of agility {unknown}
 p - a potion of berserk rage {unknown}
 t - 3 potions of heal wounds
 u - 4 potions of might
 w - 3 potions of lignification
 B - 2 potions of haste {unknown}
 C - 3 potions of cure mutation {unknown}
 D - 2 potions of degeneration {unknown}
 E - a potion of brilliance {unknown}
 G - 2 potions of invisibility {unknown}
 H - 3 potions of flight
 I - 2 potions of resistance {unknown}
 J - a potion of ambrosia {unknown}
Books
 Y - a book of Ice

   Spells                             Type                      Level
   a - Ice Form                       Ice/Transmutation            4
   b - Metabolic Englaciation         Hexes/Ice                    5
   c - Ozocubu's Refrigeration        Ice                          6
   d - Bolt of Cold                   Conjuration/Ice              6
   e - Freezing Cloud                 Conjuration/Ice/Air          6
   f - Simulacrum                     Ice/Necromancy               6
Miscellaneous
 l - a box of beasts
 Z - a sack of spiders
Comestibles
 f - 7 bread rations
 j - 4 fruits
 q - 2 chunks of flesh
 A - 4 meat rations
 O - a beef jerky
 R - 2 slices of pizza


   Skills:
 + Level 4.9 Fighting
 + Level 4.4 Axes
 + Level 15.7 Bows
 + Level 0.7 Throwing
 + Level 3.8 Armour
 + Level 6.0 Dodging
 - Level 0.5 Stealth
 + Level 0.2 Invocations


You had 9 spell levels left.
You didn't know any spells.

Dungeon Overview and Level Annotations

Branches:
Dungeon (10/15)            Temple (1/1) D:7             Orc (0/2) D:10
   Lair: D:8-11

Altars:
Ashenzari
Cheibriados
Dithmenos
Elyvilon
Fedhas
Gozag
Hepliaklqana
Kikubaaqudgha
Makhleb
Nemelex Xobeh
Okawaru
Qazlal
Ru
Sif Muna
Trog
Uskayaw
Vehumet
Xom
Yredelemnul
Zin
The Shining One

Shops:
D:8 =

Portals:
Trove: D:10 (give 5 potions of cure mutation)

Annotations:
D:6 CypherZel's ghost, novice DsAK


Innate Abilities, Weirdness & Mutations

You have hooves in place of feet.
Armour fits poorly on your strangely shaped body.
You cover ground very quickly.
You have extremely tough skin. (AC +3)


Message History

You slash the deep elf mage!
There is a sudden explosion of sparks!
Your kick misses the deep elf mage.
The deep elf mage is heavily wounded.
You slash the giant frog!
There is a sudden explosion of sparks!
You kill the giant frog!
Okawaru accepts your kill.
You closely miss the sun demon. You hit the troll zombie.
There is a sudden explosion of sparks!
The sun demon hits you!!
You are engulfed in flames!
The deep elf mage barely misses you. The sun demon hits you!
You are engulfed in flames!
* * * LOW HITPOINT WARNING * * *
The troll zombie bites you.
* * * LOW HITPOINT WARNING * * *
The troll zombie closely misses you. The troll zombie barely misses you.
You slash the deep elf mage!
The deep elf mage is severely wounded.
You hit the sun demon. You hit the troll zombie. The sun demon hits you.
* * * LOW HITPOINT WARNING * * *
You are engulfed in flames!
You die...

<...# ###........#
#..>...### #####
###+###### #.####...'
.### #.# ###.# ...
#.#####... ####
#####.#### #.##....8.
...# .........#
#.##...... ...#
.......Z.# ###.##......
...#
.....ZZ3.####....#......
...+
......e@...##...........
...#
......Z..#..#...........
...#
?........##.......8...>.
...#
.........####...........
#+## .........#
#........... .........#
######.).... ##.#######
#...... #. #......
#....8.


You could see a sun demon, a deep elf mage, 3 orc zombies and a troll zombie.

Vanquished Creatures
  An unseen horror (D:10)
  A hill giant (D:10)
  A gargoyle (D:9)
  A two-headed ogre (D:9)
  A shadow (D:9)
  Sigmund (D:2)
  A vampire (D:10)
  The ghost of 4thArraOfDagon the Firebug, an amateur DEFE of Vehumet (Ossuary)
  A wraith (D:10)
  A hippogriff (D:9)
  2 hungry ghosts
  Eustachio (D:6)
  8 orc warriors
  A wasp (D:10)
  A black bear (D:9)
  3 phantoms
  6 ogres
  A sky beast (D:7)
  A necrophage (D:9)
  4 centaurs
  3 giant frogs
  2 scorpions (D:8)
  A troll zombie (D:10)
  3 killer bees (D:9)
  3 howler monkeys
  2 crimson imps
  A giant frog zombie (D:6)
  A centaur zombie (D:8)
  A quasit (D:7)
  2 hounds
  6 orc priests
  A centaur skeleton (D:8)
  A gnoll shaman (D:6)
  3 jellies
  A giant frog skeleton (D:9)
  Ijyb (D:3)
  Natasha (thrice) (D:4)
  14 orc wizards
  6 worker ants
  A killer bee zombie (D:7)
  6 ogre zombies (D:10)
  A hound zombie (D:8)
  3 mummies (Ossuary)
  2 worker ant zombies
  6 gnolls
  10 adders
  2 shadow imps
  An adder skeleton (D:9)
  7 adder zombies
  A worm (D:2)
  5 dart slugs
  11 giant geckos
  31 orcs
  7 bats
  3 giant cockroaches (D:1)
  11 goblins
  11 hobgoblins
  17 jackals
  4 quokkas
  A ball python (D:1)
  2 giant gecko zombies
  2 giant newts
  3 goblin skeletons (D:10)
  4 goblin zombies
  3 hobgoblin skeletons (D:10)
  3 hobgoblin zombies (D:10)
  A jackal zombie (D:5)
  20 kobolds
  2 kobold zombies (Ossuary)
  3 orc skeletons (D:10)
  9 orc zombies (D:10)
  5 quokka zombies
  7 rats
  4 rat zombies (Ossuary)
302 creatures vanquished.

Notes
Turn   | Place    | Note
-------+----------+-------------------------------------------
     0 | D:1      | st0uf the Centaur Hunter began the quest for the Orb.
     0 | D:1      | Reached XP level 1. HP: 17/17 MP: 1/1
   444 | D:1      | Reached XP level 2. HP: 24/24 MP: 2/2
   532 | D:1      | Reached skill level 6 in Bows
   913 | D:1      | Reached XP level 3. HP: 29/29 MP: 3/3
  1291 | D:2      | You fall through a shaft!
  1295 | D:3      | Noticed Ijyb
  1361 | D:3      | Killed Ijyb
  1361 | D:3      | Reached XP level 4. HP: 33/36 MP: 4/4
  1429 | D:3      | Reached skill level 7 in Bows
  1686 | D:2      | Noticed Sigmund
  1835 | D:3      | Reached skill level 1 in Armour
  1835 | D:3      | Reached XP level 5. HP: 41/41 MP: 5/5
  2222 | D:2      | Killed Sigmund
  2222 | D:2      | Reached skill level 8 in Bows
  2222 | D:2      | Reached XP level 6. HP: 39/48 MP: 6/6
  3064 | D:4      | Noticed Natasha
  3066 | D:4      | Killed Natasha
  3066 | D:4      | Reached skill level 9 in Bows
  3146 | D:4      | Noticed Natasha
  3152 | D:4      | Killed Natasha
  3299 | D:4      | Noticed Natasha
  3302 | D:4      | Killed Natasha
  3406 | D:4      | Found a sand-covered staircase.
  3410 | Ossuary  | Entered an ossuary
  3441 | Ossuary  | Reached XP level 7. HP: 19/55 MP: 7/7
  3716 | Ossuary  | Noticed 4thArraOfDagon's ghost (amateur DEFE)
  3763 | Ossuary  | Killed 4thArraOfDagon's ghost
  4622 | D:5      | Entered Level 5 of the Dungeon
  4696 | D:5      | Found a sparkling altar of Nemelex Xobeh.
  4800 | D:5      | Reached skill level 10 in Bows
  5226 | D:5      | Got a dazzling broad axe
  5227 | D:5      | Identified the +7 broad axe of Gluttony {venom, rC+ rN+ Dex-2} (You found it on level 5 of the Dungeon)
  5374 | D:6      | Noticed CypherZel's ghost (novice DsAK)
  5679 | D:6      | Reached XP level 8. HP: 62/62 MP: 8/8
  5705 | D:6      | Noticed Eustachio
  5737 | D:6      | Killed Eustachio
  5765 | D:6      | Reached skill level 1 in Axes
  5775 | D:6      | Got a crude hand axe
  5798 | D:6      | Identified the +11 hand axe "Fabeg" {elec, rPois Int+7} (You found it on level 6 of the Dungeon)
  5904 | D:6      | Reached skill level 11 in Bows
  6345 | D:7      | Found a staircase to the Ecumenical Temple.
  6361 | Temple   | Entered the Ecumenical Temple
  6426 | Temple   | Became a worshipper of Warmaster Okawaru
  6496 | D:7      | Found a flagged portal.
  6518 | Bailey   | Entered a bailey
  6721 | Bailey   | Reached * piety under Okawaru
  6802 | Bailey   | Reached skill level 12 in Bows
  7209 | D:7      | Reached XP level 9. HP: 64/70 MP: 9/9
  7975 | D:7      | Reached ** piety under Okawaru
  8274 | D:8      | Reached skill level 13 in Bows
  8519 | D:8      | Reached skill level 5 in Dodging
  8560 | D:8      | Found Qeredghor's Jewellery Boutique.
  8563 | D:8      | Bought an uncursed ring of see invisible for 180 gold pieces
  8667 | D:9      | Noticed a gargoyle
  8938 | D:9      | Reached *** piety under Okawaru
  8938 | D:9      | Received a gift from Okawaru
  8938 | D:9      | Reached skill level 14 in Bows
  8941 | D:9      | Reached XP level 10. HP: 65/79 MP: 7/10
  8979 | D:10     | Entered Level 10 of the Dungeon
  9240 | D:9      | Killed a gargoyle
  9469 | D:9      | Received a gift from Okawaru
  9568 | D:9      | Reached skill level 15 in Bows
  9900 | D:10     | Found a portal to a secret trove of treasure.
  9957 | D:10     | Noticed a hill giant
  9992 | D:10     | Killed a hill giant
  9992 | D:10     | Reached **** piety under Okawaru
 10151 | D:10     | Found a staircase to the Orcish Mines.
 10157 | D:10     | Noticed an unseen horror
 10245 | D:10     | Killed an unseen horror
 10245 | D:10     | Received a gift from Okawaru
 10397 | D:10     | Noticed a deep elf mage
 10399 | D:10     | Noticed a sun demon
 10404 | D:10     | HP: 3/80 [sun demon[a deep elf mage] (5)]
 10404 | D:10     | Mangled by a sun demon

Vault maps used:
D:1:      dpeg_arrival_lava_altar
D:2:      first_bread, uniq_sigmund
D:3:      uniq_iyjb
D:4:      enter_ossuary_5, fountainhead, minmay_cut_off, uniq_natasha
D:5:      nemelex_lonely_heart_becter
D:6:      uniq_eustachio
D:7:      enter_bailey_2
D:8:      serial_shops, kennysheep_mini_moat
D:9:      minmay_diamond_stairs
D:10:     zombieorc2_lemuel, enter_trove_0, grunt_ogre_cave
Temple:   regret_index_temple_sigil_plot
Ossuary:  ossuary_minmay_chase
Bailey:   bailey_axe_4, bailey

Skill      XL: |  1  2  3  4  5  6  7  8  9 10 |
---------------+-------------------------------+-----
Bows           | 6 7 8 9 10 12 14 15 | 15.7
Armour         | 1 2 3 |  3.8
Dodging        | 2 3 4 5 6 |  6.0
Axes           | 2 4 |  4.4
Fighting       | 3 4 |  4.9
Throwing       | |  0.7
Stealth        | |  0.5
Invocations    | |  0.2

Action                   |  1- 3 |  4- 6 |  7- 9 | 10-12 || total
-------------------------+-------+-------+-------+-------++-------
Melee: Short sword       |    13 |       |       |       ||    13
       Shortbow          |    18 |    34 |   226 |       ||   278
       Kick              |     5 |    11 |    91 |    36 ||   143
       Broad axe         |       |       |    64 |    12 ||    76
       Hand axe          |       |       |   107 |   143 ||   250
       Punch             |       |       |     1 |       ||     1
 Fire: Shortbow          |    95 |   157 |   334 |   114 ||   700
Throw: Tomahawk          |       |       |     4 |       ||     4
Invok: Heroism           |       |       |     1 |       ||     1
  Use: Scroll            |       |       |    14 |     4 ||    18
       Potion            |       |       |     2 |       ||     2
  Eat: Chunk             |       |     5 |     8 |     6 ||    19
       Meat ration       |       |       |     1 |       ||     1
       Beef jerky        |       |       |     1 |       ||     1
Armor: Leather armour    |    32 |    37 |   208 |    51 ||   328
Dodge: Dodged            |    29 |    42 |   286 |   104 ||   461
